 Dungeon Crawl Stone Soup version 0.20.1-2-g1830e616b0 (webtiles) character file.

305 Alfie the Shooter (level 6, 0/47 HPs)
             Began as a Human Hunter on Jan 20, 2020.
             Slain by an orc wizard
             ... wielding a +0 dagger
              (2 damage)
             ... on level 4 of the Dungeon.
             The game lasted 00:11:07 (2379 turns).

Alfie the Shooter (Human Hunter)                    Turns: 2379, Time: 00:11:10

Health: 0/47       AC:  5    Str: 14    XL:     6   Next: 66%
Magic:  6/6        EV: 12    Int: 12    God:
Gold:   204        SH:  0    Dex: 13    Spells: 5/5 levels left

rFire    . . .     SeeInvis .   a - +1 shortbow
rCold    . . .     Gourm    .   (shield currently unavailable)
rNeg     . . .     Faith    .   c - +2 leather armour
rPois    .         Spirit   .   (no helmet)
rElec    .         Reflect  .   (no cloak)
rCorr    .         Harm     .   (no gloves)
MR       .....                  (no boots)
Stlth    +.........             k - amulet of regeneration
Regen    0.6/turn               (no ring)
MPRegen  0.1/turn               (no ring)

@: lethally poisoned (0 -> -1)
A: no striking features
a: no special abilities


You were on level 4 of the Dungeon.
You were not hungry.

You visited 1 branch of the dungeon, and saw 4 of its levels.

You collected 204 gold pieces.

Inventory:

Hand Weapons
 a - a +1 shortbow (weapon)
 b - a +1 short sword
 e - a +0 blowgun
Missiles
 d - 8 arrows (quivered)
 n - 22 poisoned needles
 t - 3 tomahawks
Armour
 c - a +2 leather armour (worn)
Jewellery
 k - an amulet of regeneration (around neck)
Wands
 m - a wand of clouds (2/9)
Scrolls
 g - 6 scrolls of remove curse
 l - 3 scrolls of identify
Potions
 f - 3 potions of magic {unknown}
 h - a potion of mutation {unknown}
 i - 2 potions of heal wounds {unknown}
 j - a potion of haste {unknown}
 r - a potion of might {unknown}
Comestibles
 o - a bread ration
 p - a royal jelly
 q - a fruit
 s - a meat ration


   Skills:
 + Level 3.3 Fighting
 + Level 6.6 Bows
 + Level 1.1 Armour
 + Level 2.3 Dodging
 + Level 1.0 Stealth


You had 5 spell levels left.
You didn't know any spells.

Dungeon Overview and Level Annotations

Branches:
Dungeon (4/15)
 Temple: D:4-7

Altars:


Message History

Something hits you.
* * * LOW HITPOINT WARNING * * *
Something hits you.
* * * LOW HITPOINT WARNING * * *
Firing (i - inventory. (,) - cycle):
d - 10 arrows (quivered)
Press: ? - help, Shift-Dir - straight line, f/p - iguana
Aim: an iguana (heavily wounded)
You shoot an arrow. The arrow hits the iguana.
The iguana is severely wounded.
Something hits you but does no damage.
Firing (i - inventory. (,) - cycle):
d - 9 arrows (quivered)
Press: ? - help, Shift-Dir - straight line, f/p - iguana
Aim: an iguana (severely wounded)
You shoot an arrow.
The arrow hits the iguana but does no damage.
The iguana is severely wounded.
Something hits you.
* * * LOW HITPOINT WARNING * * *
Something hits you.
You die...

######. .....[ ...
..#### ...8# ..
..# ##.....## ..
.## #8.....8##.
..## #.....##(.
...# #8...8##.#
...##### ##>## #(#
.....#.#########@#
...............#{#
#.........(....ol#
.#............o.(#
.................#
##.............#.#
..#......#....##.#
#.......###..###(#
###...F.......##.#


You could see an iguana, an orc wizard and an orc.

Vanquished Creatures
  A phantom (D:4)
  An iguana (D:4)
  2 worker ants (D:4)
  6 adders
  3 oozes (D:1)
  2 worms (D:2)
  2 dart slugs
  3 leopard geckos
  An orc (D:4)
  3 ball pythons
  2 giant cockroaches
  3 goblins
  4 hobgoblins
  3 jackals
  12 kobolds
  A quokka (D:3)
  9 bats
  4 frilled lizards
  6 rats
68 creatures vanquished.

Notes
Turn   | Place    | Note
-------+----------+-------------------------------------------
     0 | D:1      | Alfie the Human Hunter began the quest for the Orb.
     0 | D:1      | Reached XP level 1. HP: 16/16 MP: 1/1
    34 | D:1      | Reached XP level 2. HP: 22/22 MP: 2/2
   191 | D:1      | Reached XP level 3. HP: 27/27 MP: 3/3
   313 | D:1      | Reached skill level 5 in Bows
   701 | D:2      | Reached XP level 4. HP: 34/34 MP: 4/4
  1643 | D:3      | Reached XP level 5. HP: 39/39 MP: 5/5
  2206 | D:4      | Noticed a phantom
  2218 | D:4      | Killed a phantom
  2218 | D:4      | Reached skill level 6 in Bows
  2218 | D:4      | Reached XP level 6. HP: 42/47 MP: 6/6
  2239 | D:4      | Reached skill level 1 in Armour
  2379 | D:4      | HP: 2/47 [something (3)]
  2379 | D:4      | Slain by an orc wizard

Skill      XL: |  1  2  3  4  5  6 |
---------------+-------------------+-----
Bows           | 5 6 |  6.6
Fighting       | 3 |  3.3
Armour         | 1 |  1.1
Dodging        | |  2.3
Stealth        | |  1.0

Action                   |  1- 3 |  4- 6 || total
-------------------------+-------+-------++-------
Melee: Short sword       |    11 |       ||    11
 Fire: Shortbow          |    75 |   127 ||   202
  Use: Scroll            |     4 |     4 ||     8
  Eat: Bread ration      |       |     1 ||     1
Armor: Leather armour    |    18 |    22 ||    40
Dodge: Dodged            |    36 |    34 ||    70
